 Dungeon Crawl Stone Soup version 0.21.1-1-g345015f (webtiles) character file.

26315 TinyReaver the Fighter (level 12, 0/132 HPs)
             Began as a Troll Monk on May 4, 2018.
             Was the Champion of Okawaru.
             Slain by a 12-headed hydra (6 damage)
             ... on level 4 of the Lair of Beasts.
             The game lasted 01:01:01 (14861 turns).

TinyReaver the Fighter (Troll Monk)                Turns: 14861, Time: 01:01:02

Health: 0/132      AC: 14    Str: 31    XL:     12   Next: 97%
Magic:  11/11      EV: 14    Int:  6    God:    Okawaru [******]
Gold:   876        SH:  0    Dex: 14    Spells: 10/11 levels left

rFire    . . .     SeeInvis .     - Unarmed
rCold    . . .     Gourm    +   (no shield)
rNeg     + . .     Faith    .   M - quicksilver dragon scales
rPois    .         Spirit   .   n - +2 hat
rElec    .         Reflect  .   (no cloak)
rCorr    .         Harm     .   (gloves unavailable)
MR       +....                  (boots unavailable)
Stlth    ..........             (no amulet)
HPRegen  0.72/turn              x - +2 ring of dexterity
MPRegen  0.12/turn              Q - ring of positive energy

@: confused, mighty, hasted, very quick
A: large, unfitting armour, claws 3, fast metabolism 3, gourmand, regeneration
1, shaggy fur 1, tough skin 2
a: Heroism, Finesse, Renounce Religion


You were on level 4 of the Lair of Beasts.
You worshipped Okawaru.
Okawaru was exalted by your worship.
You were full.

You visited 3 branches of the dungeon, and saw 16 of its levels.
You also visited: Ossuary and Volcano.

You collected 876 gold pieces.

Inventory:

Hand Weapons
 d - a +0 giant spiked club
 N - a +2 shortbow of flaming
 R - a +0 hand crossbow
 Z - the +0 sword of Power
   (Okawaru gifted it to you on level 3 of the Lair of Beasts)
Missiles
 e - 405 stones
 F - 11 large rocks (quivered)
 K - 98 sling bullets
 O - 219 arrows
Armour
 a - a +0 robe
 n - a +2 hat (worn)
 L - a +2 robe of magic resistance
 M - quicksilver dragon scales (worn)
Jewellery
 x - a +2 ring of dexterity (left claw)
 Q - a ring of positive energy (right claw)
 X - a +3 ring of protection {unknown}
 Y - an uncursed ring of protection from magic {unknown}
Wands
 g - a wand of scattershot (5)
 k - a wand of polymorph (28)
 q - a wand of random effects (66)
 u - a wand of iceblast (38)
 A - a wand of enslavement (17)
 G - a wand of flame (22)
 H - a wand of paralysis (22)
 P - a wand of acid (11)
 S - a wand of clouds (6)
Scrolls
 c - 13 scrolls of identify
 f - 3 scrolls of remove curse
 i - 4 scrolls of amnesia
 j - 2 scrolls of noise {unknown}
 l - 2 scrolls of fear {unknown}
 o - 6 scrolls of magic mapping {unknown}
 t - 3 scrolls of enchant armour {unknown}
 v - 6 scrolls of blinking {unknown}
 z - 2 scrolls of enchant weapon {unknown}
 E - a scroll of brand weapon {unknown}
 J - 7 scrolls of teleportation
 T - 2 scrolls of immolation {unknown}
Potions
 h - 3 potions of resistance
 m - a potion of invisibility
 p - 3 potions of might
 r - a potion of flight
 s - 2 potions of ambrosia
 w - 6 potions of lignification
 B - 3 potions of brilliance
 C - 4 potions of haste
 D - a potion of degeneration {unknown}
 I - a potion of mutation {unknown}
 W - a potion of agility {unknown}
Books
 y - a book of Cantrips

   Spells                             Type                      Level
   a - Confusing Touch                Hexes                        1
   b - Animate Skeleton               Necromancy                   1
   c - Summon Small Mammal            Summoning                    1
   d - Apportation                    Translocation                1
Miscellaneous
 U - a lamp of fire
Comestibles
 b - 32 rations


   Skills:
 * Level 12.2 Fighting
 + Level 7.8 Throwing
 + Level 9.1 Dodging
 - Level 1.0 Stealth
 + Level 10.7 Unarmed Combat


You had 10 spell levels left.
You knew the following spells:

 Your Spells              Type           Power        Failure   Level  Hunger
a - Confusing Touch       Hex            #.....       56%         1    ##.....


Dungeon Overview and Level Annotations

Branches:
Dungeon (11/15)            Temple (1/1) D:7            Lair (4/6) D:11
  Snake (0/4) Lair:2          Orc (0/2) D:9
  Swamp: Lair:2-4    Shoals: Lair:2-4

Altars:
Ashenzari
Cheibriados
Dithmenos
Elyvilon
Fedhas
Gozag
Hepliaklqana
Kikubaaqudgha
Makhleb
Nemelex Xobeh
Okawaru
Qazlal
Ru
Sif Muna
Trog
Uskayaw
Vehumet
Wu Jian
Xom
Yredelemnul
Zin
The Shining One

Shops:
D:4 *   D:5 %   D:6 *}   D:7 %   D:11 [

Annotations:
D:10 1 exclusion


Innate Abilities, Weirdness & Mutations

You are too large for most types of armour.
You have claws for hands.
Your metabolism is lightning-fast.
You like to eat raw meat.
Your natural rate of healing is unusually fast.
You are covered in fur. (AC +1)
You have very tough skin. (AC +2)


Message History

The 11-headed hydra closely misses you.
The 11-headed hydra bites you but does no damage.
The 11-headed hydra barely misses you.
The 11-headed hydra closely misses you. x2
The 11-headed hydra bites you but does no damage. x2
A hell hound comes into view.
The hell hound barks!
You claw one of the 11-headed hydra's heads off!
The ten-headed hydra grows two more!
You claw the 12-headed hydra!
The 12-headed hydra is heavily wounded.
You bump into the rock wall.
The 12-headed hydra bites you but does no damage.
The 12-headed hydra bites you!
* * * LOW HITPOINT WARNING * * *
The 12-headed hydra closely misses you. The 12-headed hydra bites you.
* * * LOW HITPOINT WARNING * * *
The 12-headed hydra bites you but does no damage.
The 12-headed hydra bites you.
* * * LOW HITPOINT WARNING * * *
The 12-headed hydra bites you.
You die...

### ####.#### #.#.##..#
##......## ## ####### # ##
##.......## #.##..##.#.#..#
#.......P.## #......$...(.#
##.........###...........##
##......#...@#............PP
#.........##%D†l...k........
#P......####.#..l..k.....#..
#P......# ###..............
#P......## #....>.......#.l
#P.......# ##...........#..
####..#### #.###..#.###.
#....# ### ##.### ##..P# ..


You could see a 12-headed hydra, 2 basilisks and 2 rime drakes.

Vanquished Creatures
  Gastronok (Lair:3)
  A hydra (Lair:3)
  A two-headed ogre (D:11)
  The ghost of Frank the Carver, a novice OpFi (D:7)
  A lindwurm (Lair:3)
  A cyclops (D:11)
  Joseph (D:7)
  2 black mambas
  A gargoyle (D:10)
  2 spiny frogs
  3 rime drakes (Lair:4)
  4 kobold demonologists
  5 komodo dragons
  4 blink frogs (Lair:4)
  8 hippogriffs
  Prince Ribbit (D:8)
  2 wraiths
  20 yaks
  2 wyverns (Lair:4)
  A spriggan (D:10)
  2 basilisks
  A hungry ghost (D:9)
  Grum (D:8)
  2 nagas (Lair:2)
  3 wargs (D:11)
  Duvessa (D:5)
  9 water moccasins
  10 porcupines
  2 ice beasts
  2 orc warriors
  2 phantoms
  4 sky beasts
  2 black bears
  8 ogres
  An eye of draining (D:7)
  2 necrophages (D:10)
  6 wolves
  13 centaurs
  5 crocodiles
  3 big kobolds
  15 bullfrogs
  Dowan (D:5)
  4 scorpions
  3 wights (D:9)
  3 electric eels (Lair:2)
  A howler monkey (D:6)
  7 crimson imps
  A quasit (D:11)
  6 bullfrog zombies
  5 hounds
  2 centaur zombies (D:5)
  6 orc priests
  7 orc wizards
  4 jellies
  A bullfrog skeleton (D:5)
  A centaur skeleton (D:6)
  Ijyb (D:3)
  6 worker ants
  2 killer bee zombies (Ossuary)
  3 hound zombies
  A hound skeleton (D:7)
  A howler monkey zombie (Ossuary)
  11 mummies
  2 worker ant zombies
  14 adders
  3 gnolls (D:8)
  A river rat (Lair:3)
  2 shadow imps
  An ooze (D:4)
  5 adder skeletons
  4 worms
  A dart slug (D:2)
  3 leopard geckos
  33 orcs
  7 bats
  4 giant cockroaches
  5 goblins
  5 hobgoblins
  4 iguanas
  15 jackals
  25 kobolds
  4 quokkas
  A ball python (D:7)
  3 frilled lizards
  A jackal zombie (Ossuary)
  A leopard gecko zombie (Ossuary)
  A quokka skeleton (D:8)
  2 quokka zombies (Ossuary)
  7 rats
387 creatures vanquished.

Vanquished Creatures (others)
  A kobold demonologist (D:10)
  2 fungi (Lair:4)
  A withered plant (Ossuary)
4 creatures vanquished.

Grand Total: 391 creatures vanquished

Notes
Turn   | Place    | Note
-------+----------+-------------------------------------------
     0 | D:1      | TinyReaver the Troll Monk began the quest for the Orb.
     0 | D:1      | Reached XP level 1. HP: 22/22 MP: 0/0
   245 | D:1      | Reached XP level 2. HP: 25/29 MP: 1/1
   723 | D:2      | Found a shimmering altar of Xom.
   793 | D:2      | Reached skill level 3 in Fighting
   793 | D:2      | Reached skill level 1 in Throwing
   793 | D:2      | Reached XP level 3. HP: 37/37 MP: 2/2
  1151 | D:2      | Reached XP level 4. HP: 39/45 MP: 3/3
  1741 | D:3      | Reached XP level 5. HP: 39/53 MP: 4/4
  2251 | D:3      | Noticed Ijyb
  2308 | D:3      | Killed Ijyb
  2573 | D:4      | Found Dewkif's General Store.
  2625 | D:4      | Reached skill level 4 in Fighting
  2705 | D:4      | Noticed an ogre
  2709 | D:4      | Reached XP level 6. HP: 50/62 MP: 5/5
  2906 | D:4      | Found a glowing golden altar of the Shining One.
  2997 | D:4      | Reached XP level 7. HP: 37/71 MP: 6/6
  3365 | D:4      | Reached skill level 5 in Fighting
  3577 | D:5      | Entered Level 5 of the Dungeon
  3578 | D:5      | Found an ornate altar of the Wu Jian Council.
  3578 | D:5      | Found a basalt altar of Yredelemnul.
  3759 | D:5      | Noticed Duvessa
  3759 | D:5      | Noticed Dowan
  3768 | D:5      | Killed Duvessa
  3768 | D:5      | Reached skill level 5 in Unarmed Combat
  3770 | D:5      | Killed Dowan
  3801 | D:5      | Found a shattered altar of Ashenzari.
  3847 | D:5      | Reached XP level 8. HP: 83/83 MP: 7/7
  3912 | D:5      | Reached skill level 6 in Fighting
  4124 | D:5      | Found Qij Xuas's Food Emporium.
  4277 | D:5      | Found a deep blue altar of Sif Muna.
  4626 | D:6      | Reached skill level 5 in Dodging
  4633 | D:6      | Found Iwnek's Gadget Boutique.
  4691 | D:6      | Found Ofet's Assorted Antiques.
  4736 | D:6      | Learned a level 1 spell: Confusing Touch
  4816 | D:6      | Found a hide-covered altar of Uskayaw.
  4893 | D:6      | Reached skill level 7 in Fighting
  5264 | D:6      | Reached XP level 9. HP: 64/93 MP: 8/8
  5318 | D:7      | Found a sand-covered staircase.
  5327 | Ossuary  | Entered an ossuary
  5743 | D:7      | Noticed Frank's ghost (novice OpFi)
  5751 | D:7      | Killed Frank's ghost
  5751 | D:7      | Reached skill level 8 in Fighting
  5868 | D:7      | Found a radiant altar of Vehumet.
  6004 | D:7      | Noticed Joseph
  6015 | D:7      | Killed Joseph
  6095 | D:7      | Found a staircase to the Ecumenical Temple.
  6102 | D:7      | Found Efiliuq's Food Emporium.
  6196 | Temple   | Entered the Ecumenical Temple
  6248 | Temple   | Became a worshipper of Warmaster Okawaru
  6248 | Temple   | Reached * piety under Okawaru
  6248 | Temple   | Reached ** piety under Okawaru
  6428 | D:7      | Found a white marble altar of Elyvilon.
  6611 | D:7      | Found a stormy altar of Qazlal.
  6612 | D:7      | Found a shadowy altar of Dithmenos.
  6681 | D:8      | Noticed Grum
  6714 | D:8      | Reached XP level 10. HP: 30/106 MP: 9/9
  6718 | D:8      | Killed Grum
  6927 | D:8      | Reached skill level 9 in Fighting
  6979 | D:8      | Noticed Prince Ribbit
  7008 | D:8      | Killed Prince Ribbit
  7142 | D:8      | Reached *** piety under Okawaru
  7388 | D:8      | Found a glowing silver altar of Zin.
  7920 | D:9      | Found an opulent altar of Gozag.
  7961 | D:9      | Found a staircase to the Orcish Mines.
  8124 | D:9      | Found a snail-covered altar of Cheibriados.
  8314 | D:9      | Found a hazy altar of Hepliaklqana.
  8522 | D:10     | Entered Level 10 of the Dungeon
  8941 | D:10     | Reached **** piety under Okawaru
  9108 | D:10     | Noticed a gargoyle
  9123 | D:10     | Killed a gargoyle
  9123 | D:10     | Received a gift from Okawaru
  9336 | D:10     | Reached skill level 5 in Throwing
  9433 | D:11     | Reached XP level 11. HP: 116/117 MP: 10/10
  9444 | D:11     | Noticed a sun demon
  9445 | D:11     | Noticed a sun demon
  9474 | D:10     | Noticed a sun demon
  9484 | D:10     | Noticed a sun demon
  9501 | D:10     | HP: 1/117 [red devil/trident[a kobold demonologist] (7)]
  9554 | D:10     | Reached skill level 10 in Fighting
  9803 | D:11     | Noticed a two-headed ogre
  9808 | D:11     | Killed a two-headed ogre
  9817 | D:11     | Found Esip's Antique Armour Emporium.
  9920 | D:11     | Noticed a sixfirhy
 10091 | D:11     | Reached ***** piety under Okawaru
 10782 | D:11     | Found a staircase to the Lair.
 10810 | D:11     | Received a gift from Okawaru
 11162 | Lair:1   | Entered Level 1 of the Lair of Beasts
 11654 | Lair:1   | Received a gift from Okawaru
 11654 | Lair:1   | Reached skill level 11 in Fighting
 12101 | Lair:1   | Reached XP level 12. HP: 129/130 MP: 11/11
 12274 | Lair:2   | Found a sacrificial altar of Ru.
 12331 | Lair:2   | Found a staircase to the Snake Pit.
 13165 | Lair:3   | Noticed a five-headed hydra
 13182 | Lair:3   | Killed a ten-headed hydra
 13341 | Lair:3   | Reached skill level 10 in Unarmed Combat
 13445 | Lair:3   | Found a dark tunnel.
 13647 | Volcano  | Entered a volcano
 13763 | Lair:3   | Found a shimmering altar of Xom.
 13904 | Lair:3   | Received a gift from Okawaru
 13905 | Lair:3   | Found the +0 sword of Power
 13923 | Lair:3   | Reached ****** piety under Okawaru
 13953 | Lair:3   | Noticed Gastronok
 13967 | Lair:3   | Killed Gastronok
 14111 | Lair:3   | Reached skill level 12 in Fighting
 14419 | Lair:4   | Received a gift from Okawaru
 14842 | Lair:4   | Noticed a seven-headed hydra
 14861 | Lair:4   | HP: 6/132 [12-headed hydra (2)]
 14861 | Lair:4   | Slain by a 12-headed hydra

Skill      XL: |  1  2  3  4  5  6  7  8  9 10 11 12 |
---------------+-------------------------------------+-----
Fighting       | 3 4 5 7 8 9 11 12 | 12.2
Throwing       | 1 2 3 5 6 7 |  7.8
Dodging        | 3 4 5 6 7 8 9 |  9.1
Unarmed Combat | 4 5 6 7 8 9 10 | 10.7
Stealth        | |  1.0

Action                   |  1- 3 |  4- 6 |  7- 9 | 10-12 || total
-------------------------+-------+-------+-------+-------++-------
Melee: Unarmed           |    96 |   175 |   344 |   777 ||  1392
       Punch             |     2 |     1 |    17 |    46 ||    66
Throw: Large rock        |       |       |     1 |    26 ||    27
       Stone             |       |       |       |    11 ||    11
Invok: Heroism           |       |       |       |     1 ||     1
  Use: Potion            |       |     2 |     1 |    18 ||    21
       Scroll            |       |       |     5 |     2 ||     7
 Stab: Sleeping          |     1 |     5 |     3 |       ||     9
       Distracted        |       |       |     1 |       ||     1
  Eat: Chunk             |    14 |    19 |    22 |    70 ||   125
       Ration            |       |       |     1 |     3 ||     4
Armor: Robe              |    52 |    43 |    64 |    18 ||   177
       Quicksilver drago |       |       |       |   320 ||   320
       Skin              |       |       |       |     9 ||     9
Dodge: Dodged            |    60 |    96 |   164 |   565 ||   885
